AoeStats
← Gjallarhorn

Arena

507132329Analyzed
1v1 RM · 15d ago on Sep 16, 2026· 42m 56s· 2 players
Game mode
Random Map
Map size
Tiny (2 player)
Population
200
Speed
Normal
Resources
Standard
Victory
Conquest
Starting age
Dark Age
Ending age
Imperial Age
RankedLock teamsTeams togetherTeam positionsShared explorationLock speedFull tech treeHidden civsTurbo modeCheats
Victory
Defeat
🇨🇱 Chinese · Chile
749
+15
🇩🇪 Chinese · Germany
724
-15
Gjallarhorn
1:21 Loom
10:57 Feudal Age
16:42 Castle Age
14:39 Double-Bit Axe
14:38 Horse Collar
19:29 Wheelbarrow
21:39 Bow Saw
25:13 Gold Mining
25:36 Heavy Plow
25:42 Town Watch
29:15 Imperial Age
27:17 Stone Mining
28:22 Fletching
29:18 Hand Cart
29:50 Gold Shaft Mining
29:23 Bodkin Arrow
29:55 Town Patrol
31:28 Chemistry
32:47 Thumb Ring
32:03 Crossbowman
33:18 Conscription
34:26 Arbalester
37:06 Elite Chu Ko Nu
39:35 Ballistics
39:39 Bombard Tower
40:03 Bracer
40:04 Padded Archer Armor
40:17 Forging
41:21 Stone Shaft Mining
41:09 Masonry
alenkowtf ***********
6:37 Loom
10:37 Feudal Age
12:14 Double-Bit Axe
16:32 Wheelbarrow
19:25 Castle Age
17:23 Horse Collar
18:23 Stone Mining
20:06 Bloodlines
23:06 Fervor
28:53 Bow Saw
32:50 Imperial Age
31:09 Hand Cart
31:12 Town Watch
32:49 Heavy Plow
32:42 Gold Mining
33:29 Stone Shaft Mining
32:54 Capped Ram
33:18 Man-at-Arms
33:58 Squires
33:43 Arson
35:08 Gold Shaft Mining
34:05 Long Swordsman
34:18 Siege Ram
36:44 Two-Man Saw
35:25 Two-Handed Swordsman
38:47 Town Patrol
38:34 Elite Skirmisher
39:48 Thumb Ring
39:39 Light Cavalry
40:58 Husbandry
42:11 Chemistry
41:34 Ballistics
42:15 Chemistry
41:14 Champion
Connection lost

Rejoining the realm…

Still unreachable

The connection could not be restored.

Session expired

The server has moved on; the page needs a fresh start.